 Dungeon Crawl Stone Soup version 0.19-a0-1704-gbd66c22 (webtiles) character file.

4 Ijustatesigmund the Charlatan (level 1, -3/10 HPs)
             Began as a Spriggan Artificer on Sept 27, 2016.
             Slain by a gnoll
             ... wielding a +0 halberd
              (7 damage)
             ... on level 1 of the Dungeon.
             The game lasted 00:02:16 (543 turns).

Ijustatesigmund the Charlatan (Spriggan Artificer)   Turns: 543, Time: 00:02:16

Health: -3/10      AC:  3    Str:  8    XL:     1   Next: 58%
Magic:  4/4        EV: 18    Int: 12    God:
Gold:   27         SH:  0    Dex: 16    Spells: 0 memorised, 0 levels left

rFire  . . .     SeeInvis +     g - -3 short sword (curse)
rCold  . . .     Gourm    .     b - +0 robe
rNeg   . . .     Faith    .     (shield restricted)
rPois  .         Spirit   .     (helmet restricted)
rElec  .         Dismiss  .     (no cloak)
rCorr  .         Reflect  .     (gloves unavailable)
MR     .....     Harm     .     (boots unavailable)
Stlth  ++........               (no amulet)
                                (no ring)
                                (no ring)

@: very quick
A: unfitting armour, see invisible, herbivore 3, speed 3, slow metabolism 2
a: no special abilities


You were on level 1 of the Dungeon.
You were not hungry.

You visited 1 branch of the dungeon, and saw 1 of its levels.

You collected 27 gold pieces.

Inventory:

Hand Weapons
 a - a +0 short sword
 g - a cursed -3 short sword (weapon)
Armour
 b - a +0 robe (worn)
Wands
 c - a wand of flame (15/48)
 d - a wand of enslavement (14/24)
 e - a wand of random effects (15/48)
Scrolls
 j - a scroll of enchant armour
Comestibles
 f - a bread ration


   Skills:
 - Level 1.0 Fighting
 + Level 1.3 Short Blades
 - Level 3.0 Dodging
 + Level 2.1 Stealth
 - Level 4.0 Evocations


You couldn't memorise any spells.
You didn't know any spells.

Dungeon Overview and Level Annotations

Branches:
Dungeon (1/15)

Altars:


Innate Abilities, Weirdness & Mutations

You are very small and have problems with some larger weapons.
You are too small for most types of armour.
You have supernaturally acute eyesight. (SInv)
You are a herbivore.
You cover ground extremely quickly.
You need consume almost no food.


Message History

The hobgoblin closely misses you.
You hit the gnoll but do no damage. The hobgoblin misses you.
The gnoll completely misses you.
You barely miss the gnoll. The hobgoblin hits you with a club.
You hit the gnoll but do no damage. The gnoll completely misses you.
You barely miss the gnoll. The hobgoblin barely misses you.
The gnoll hits you with a halberd.
You hit the gnoll.
The gnoll is lightly wounded.
The hobgoblin completely misses you. The gnoll completely misses you.
A goblin comes into view.
Evoke which item? (* to show all) (? for menu, Esc to quit)
Zapping:
d - a wand of enslavement (15/24)
Press: ? - help, Shift-Dir - straight line, f - gnoll
Aim: a gnoll, wielding a halberd and wearing a ring mail (lightly wounded, chance to defeat MR: 63%)
The gnoll resists with significant effort.
This wand has 14 charges left.
The gnoll hits you from afar with a halberd!
Ouch! That really hurt!
You die...

***,,,,,,,,,,,* *,,,,,,* *,###..
**********.##..***,g***,* #,#....
*,,,,,,,,,,....,,,,.* *,* #.#....
*,*,,,,,,,,,...,,,.#* *,* #.#....
*,*,****,,**#..***.# *,* #......
*,*,* *..###..###.# *,* #.#....
*,*,****,..........####.* #......
,,,,,,,,..###..%........* #......
,,,,,***.......%@#.#**##########.
*,*,,* *#.###..#g#.#**#<#≈..≈≈'..
,,,,,* *,* #....g#,,.#.#P≈PP.#..
,,**,* *,* ##...###.##.#≈P..≈#..
*,**,****,* #....#?..#P....≈≈###
*,,,,,,,,,#####.....#*#≈≈≈P≈P≈#
****,,,,,,,..*##.#..#,#≈≈≈≈P≈≈#
******,*#.* #.#..#,#≈P≈P.≈≈#
*,*#.###.#..#,#########


You could see a gnoll, a hobgoblin and a goblin (sleeping).

Vanquished Creatures
  A leopard gecko (D:1)
  2 bats (D:1)
3 creatures vanquished.

Notes
Turn   | Place    | Note
-------+----------+-------------------------------------------
     0 | D:1      | Ijustatesigmund the Spriggan Artificer began the quest for the Orb.
     0 | D:1      | Reached XP level 1. HP: 9/9 MP: 4/4
    20 | D:1      | Reached skill level 1 in Fighting
   543 | D:1      | Slain by a gnoll

Vault maps used:
D:1:      lightli_arrival_flooded_house

Skill      XL: |  1 |
---------------+----+-----
Fighting       | 1 |  1.0
Stealth        | 2 |  2.1
Short Blades   | |  1.3
Dodging        | |  3.0
Evocations     | |  4.0

Action                   || total
-------------------------++-------
Melee: Short sword       ||    85
Evoke: Wand              ||     1
  Use: Scroll            ||     3
Armor: Robe              ||    31
Dodge: Dodged            ||   122
